 Dungeon Crawl Stone Soup version 0.28-a0-821-g923ab73998 (webtiles) character file.

Game seed: 706332504389029814

924 Fenrisus the Magician (level 8, -3/51 HPs)
             Began as a Djinni Fire Elementalist on Nov 8, 2021.
             Was an Initiate of Hepliaklqana.
             Slain by a scorpion (6 damage)
             ... in the Ecumenical Temple on Nov 9, 2021.
             The game lasted 00:38:14 (9617 turns).

Fenrisus the Magician (Djinni Fire Elementalist)    Turns: 9617, Time: 00:38:15

Health: -3/51      AC:  4    Str:  7    XL:     8   Next: 32%
Gold:   135        EV: 12    Int: 19    God:    Hepliaklqana [......] SH:  0 Dex: 14

rFire   + + .      SeeInvis .   m - +0 dagger (drain)
rCold   . . .      Faith    .   (no shield)
rNeg    + . .      Spirit   .   a - +2 robe
rPois   ∞          Reflect  .   (no helmet)
rElec   .          Harm     .   (no cloak)
rCorr   .          Rampage  .   (no gloves)
Will    .....                   (boots unavailable)
Stlth   ++........              (no amulet)
HPRegen 0.17/turn               d - ring "Niobiun" {Wiz rN+}
MPRegen 0.00/turn               h - ring of protection from cold

@: flying
A: sickness immunity, fire resistance 2, cold vulnerability 1, float, innate
caster, hp casting, extra vitality 1
a: Renounce Religion


You were in the Ecumenical Temple.
You worshipped Hepliaklqana.
Hepliaklqana was noncommittal.
You visited 2 branches of the dungeon, and saw 6 of its levels.
You also visited: Ossuary.

You collected 135 gold pieces.

Inventory:

Hand Weapons
 m - a +0 dagger of draining (weapon)
Armour
 a - a +2 robe (worn)
Jewellery
 d - the ring "Niobiun" (left hand) {Wiz rN+}
   (You acquired it in an ossuary)

   [ring of wizardry]

   It improves your spell success rate.
   rN:        It protects you from negative energy.
 h - a ring of protection from cold (right hand)
Scrolls
 c - a scroll of magic mapping
 e - a scroll of teleportation
 f - a scroll of amnesia
 j - a scroll of fog {unknown}
 l - a scroll of identify
 n - a scroll of vulnerability {unknown}
Potions
 b - a potion of curing {unknown}
 g - 2 potions of lignification
 i - a potion of flight {unknown}
 k - 2 potions of haste {unknown}


   Skills:
 + Level 0.5 Fighting
 + Level 2.8 Dodging
 + Level 3.0 Stealth
 + Level 6.8 Spellcasting


You had 2 spell levels left.
You knew the following spells:

 Your Spells              Type           Power      Damage    Failure   Level
a - Foxfire               Conj/Fire      100%       2x1d9     1%          1
b - Scorch                Fire           64%        2d8       1%          2
c - Conjure Flame         Conj/Fire      32%        6-21      1%          3
d - Inner Flame           Hex/Fire       32%        N/A       1%          3
e - Flame Wave            Conj/Fire      32%        3d7       2%          4
f - Magic Dart            Conj           100%       1d8       1%          1
g - Searing Ray           Conj           64%        2d6       1%          2
h - Static Discharge      Conj/Air       32%        N/A       1%          2
Your spell library was empty.

Dungeon Overview and Level Annotations

Branches:
Dungeon (5/15)             Temple (1/1) D:5         Ossuary (visited)

Altars:
Ashenzari
Elyvilon
Fedhas
Gozag
Hepliaklqana
Kikubaaqudgha
Okawaru
Qazlal
Ru
Sif Muna
Uskayaw
Wu Jian
Zin


Innate Abilities, Weirdness & Mutations

You are immune to sickness and miasma.
You are immune to poison.
Your flesh is very heat resistant. (rF++)
You are vulnerable to cold. (rC-)
You float through the air rather than walking.
You learn spells naturally, not from books.
Your magical power is your life essence.
You have superior vitality. (+4 HP)


Message History

You fly downwards.
Welcome back to the Ecumenical Temple!
There is a staircase back to the Dungeon here.
The scorpion stings you.
The iguana hisses menacingly.
The scorpion stings you. The scorpion stings you. The scorpion stings you.
The scorpion stings you but does no damage.
The scorpion misses you. The scorpion stings you.
Casting: Scorch (safe; 1% risk of failure)
Confirm with . or Enter, or press ? or * to list all spells.
You conjure some foxfire!
The scorpion misses you.
The foxfire hits the iguana.
You kill the iguana!
The foxfire hits the scorpion but does no damage.
The scorpion is lightly wounded.
The scorpion stings you.
* * * LOW HITPOINT WARNING * * *
The scorpion stings you.
* * * LOW HITPOINT WARNING * * *
The scorpion stings you.
* * * LOW HITPOINT WARNING * * *
The scorpion stings you but does no damage.
Casting: Foxfire (safe; 1% risk of failure)
Confirm with . or Enter, or press ? or * to list all spells.
Flames lash the scorpion.
The scorpion is moderately wounded.
The scorpion's fire resistance burns away.
* * * LOW HITPOINT WARNING * * *
The scorpion closely misses you. The scorpion barely misses you.
The scorpion is no longer more vulnerable to fire.
The scorpion stings you.
* * * LOW HITPOINT WARNING * * *
Casting: Scorch (safe; 1% risk of failure)
Confirm with . or Enter, or press ? or * to list all spells.
Flames lash the scorpion but do no damage.
* * * LOW HITPOINT WARNING * * *
The scorpion stings you.
You die...

_...#...#..._.....##
...................##
..#..._...#.........#
....................##
_...#...#..._........#
.....................#
..#..._...#...#..._..#
................s....#
_...#...#..._...@....#
....................##
..#..._...#.........#
...................##
_...#...#..._.....##
.................##
......⌠........###
#...........####
#############


You could see a scorpion.

Vanquished Creatures
  A hornet (D:4)
  A black bear (D:4)
  An ogre (D:3)
  A centaur zombie (Ossuary)
  2 orc priests (D:4)
  A hound (D:4)
  A human zombie (Ossuary)
  An iguana (Temple)
  Natasha (thrice) (D:4)
  2 orc wizards
  4 mummies (Ossuary)
  9 adders
  An ufetubus (D:4)
  3 worms
  13 orcs
  6 endoplasms
  4 giant cockroaches
  2 gnoll zombies (Ossuary)
  8 goblins
  4 hobgoblins
  5 jackals
  5 kobolds
  5 quokkas
  9 ball pythons
  4 bats
  2 hobgoblin zombies (Ossuary)
  2 kobold zombies (Ossuary)
  5 rats
105 creatures vanquished.

Vanquished Creatures (collateral kills)
  5 foxfires (D:3)
5 creatures vanquished.

Vanquished Creatures (others)
  312 foxfires
  5 plants (D:3)
317 creatures vanquished.

Grand Total: 427 creatures vanquished

Notes
Turn   | Place    | Note
-------+----------+-------------------------------------------
     0 | D:1      | Fenrisus the Djinni Fire Elementalist began the quest for
                  | the Orb.
     0 | D:1      | Reached XP level 1. HP: 15/15 MP: 0/0
    96 | D:1      | Reached XP level 2. HP: 9/21 MP: 0/0
   626 | D:1      | Found a faded altar of an unknown god.
   647 | D:1      | Reached skill level 3 in Spellcasting
   955 | D:2      | Reached XP level 3. HP: 24/25 MP: 0/0
   955 | D:2      | Learned a level 1 spell: Magic Dart
  1250 | D:2      | Reached XP level 4. HP: 27/31 MP: 0/0
  2326 | D:3      | Noticed an ogre
  2813 | D:3      | Killed an ogre
  2814 | D:3      | Reached skill level 4 in Spellcasting
  2814 | D:3      | Reached XP level 5. HP: 3/35 MP: 0/0
  2814 | D:3      | Learned a level 2 spell: Searing Ray
  3475 | D:3      | Reached XP level 6. HP: 32/40 MP: 0/0
  4017 | D:4      | Noticed a black bear
  4024 | D:4      | Killed a black bear
  4025 | D:4      | Reached skill level 5 in Spellcasting
  4027 | D:4      | Reached XP level 7. HP: 37/46 MP: 0/0
  4027 | D:4      | Learned a level 2 spell: Static Discharge
  4126 | D:4      | Found a sand-covered staircase.
  4140 | Ossuary  | Entered an ossuary
  4177 | Ossuary  | Identified a scroll of acquirement
  4177 | Ossuary  | Acquired the ring "Niobiun" {Wiz rN+}
  4829 | D:4      | Noticed Natasha
  4846 | D:4      | Killed Natasha
  4906 | D:4      | Noticed a hornet
  4916 | D:4      | Killed a hornet
  4917 | D:4      | Reached skill level 6 in Spellcasting
  4917 | D:4      | Reached XP level 8. HP: 30/51 MP: 0/0
  5381 | D:4      | Noticed Natasha
  5399 | D:4      | Killed Natasha
  5770 | D:4      | Noticed Natasha
  5776 | D:4      | Killed Natasha
  5831 | D:5      | Entered Level 5 of the Dungeon
  5880 | D:5      | Found a staircase to the Ecumenical Temple.
  5889 | Temple   | Entered the Ecumenical Temple
  6047 | Temple   | Became a worshipper of Hepliaklqana the Forgotten
  9617 | Temple   | Slain by a scorpion

Illustrated notes

Levels and vault maps discovered:
D:1:      dpeg_arrival_line_fractal, layout_rooms,
          ebering_ecumenical_altar_mist, wad_floor_pattern_untrapped
D:2:      layout_basic, hangedman_decor_clover_reticule
D:3:      layout_basic, serial_forest, infiniplex_forest_lined_2,
          infiniplex_forest_clump_curved, infiniplex_forest_diagonal,
          infiniplex_forest_end_double, infiniplex_forest_lined_room_2,
          infiniplex_forest_clump_small, infiniplex_forest_straight_4,
          infiniplex_forest_lined_2, minmay_increasing_density
D:4:      layout_cave_pods, nicolae_ossuary_entry_monument, uniq_natasha
D:5:      layout_loops_ring, lemuel_temple_firewalk_b, uniq_prince_ribbit1
Temple:   cyrus_circular_temple

Skill      XL: |  1  2  3  4  5  6  7 |
---------------+----------------------+-----
Spellcasting   | 3 4 5 6 |  6.8
Stealth        | 2 3 |  3.0
Fighting       | |  0.5
Dodging        | |  2.8

Action                   |  1- 3 |  4- 6 |  7- 9 || total
-------------------------+-------+-------+-------++-------
 Cast: Foxfire           |    41 |    89 |    59 ||   189
       Scorch            |     5 |    14 |    39 ||    58
       Flame Wave        |       |     1 |       ||     1
  Use: Scroll            |       |     9 |     2 ||    11
Armor: Robe              |     2 |       |     8 ||    10
Dodge: Dodged            |     4 |       |    25 ||    29

Table legend: (Time is in decaauts)
 A = Elapsed time spent in this place.
 B = Non-inter-level travel time spent in this place.
 C = Inter-level travel time spent in this place.
 D = Time resting spent in this place.
 E = Time spent auto-exploring this place.
 F = Levels seen in this place.
 G = Mean time per level.
                   A        B        C        D        E       F      G
               +--------+--------+--------+--------+--------+-----+--------+
         Total |   9635 |   6523 |   3112 |   5519 |      0 |   7 | 1376.4 |
       Dungeon |   8856 |   5908 |   2948 |   5265 |      0 |   5 | 1771.2 |
        Temple |    225 |     61 |    164 |      0 |      0 |   1 |  225.0 |
       Ossuary |    553 |    553 |      0 |    254 |      0 |   1 |  553.0 |
               +--------+--------+--------+--------+--------+-----+--------+

Top non-repeatable levels by time:
     D:5: 3561 daAuts
     D:2: 1637 daAuts
     D:4: 1382 daAuts
     D:3: 1333 daAuts
     D:1: 941 daAuts
 Ossuary: 553 daAuts
  Temple: 225 daAuts
